[Event "Gibraltar Junior Intl U16 2019"]
[Site "Caleta"]
[Date "2019.08.19"]
[Round "6.24"]
[White "Guilfanov, Raphael"]
[Black "Gough, Theo"]
[Result "0-1"]
[ECO "D00"]
[WhiteElo "1493"]
[BlackElo "1474"]
[Annotator "NA RC"]
[PlyCount "114"]
[EventDate "2019.08.16"]
[EventType "swiss"]
[EventCountry "GGB"]
[SourceTitle "playchess.com"]
[Source "ChessBase"]
[SourceQuality "1"]
[TimeControl "6600+10"]

1. d4 d5 2. Bf4 Nf6 3. c3 c5 4. Nd2 Nc6 5. e3 e6 6. Bd3 c4 7. Bc2 Be7 8. Ngf3 Nh5 9. Bg3 Bd7 10. Ne5 Nxg3 11. hxg3 g6 12. Nxg6 fxg6 13. Bxg6+ Kf8 14. Qh5 Bf6 15. Qf3 Be8 16. Rxh7 Rxh7 17. Bxh7 Qe7 18. Bc2 Qf7 19. O-O-O Bg7 20. Qg4 Ke7 21. Rh1 Bd7 22. Rh7 Rg8 23. e4 Kf8 24. Qe2 Rh8 25. Rxh8+ Bxh8 26. exd5 exd5 27. Qe1 Bf6 28. Nf3 b5 29. Nh4 Bxh4 30. gxh4 Qf4+ 31. Kb1 Qxh4 32. b3 Qg5 33. Qh1 Qf6 34. g3 Ne7 35. Bd1 Bf5+ 36. Ka1 Qg5 37. Qh8+ Ng8 38. f4 Qxg3 39. Kb2 Qxf4 40. Bh5 b4 41. cxb4 Qd2+ 42. Ka3 Qc1+ 43. Ka4 Bd7+ 44. b5 c3 45. Qe5 Qh6 46. Qb8+ Kg7 47. Qe5+ Nf6 48. Qe7+ Kh8 49. Qd8+ Kh7 50. Qe7+ Qg7 51. Bf7 Be8 52. Ka5 Qxf7 53. Qc5 Ne4 54. Qa3 Qc7+ 55. Kb4 Qd6+ 56. Ka4 Qxa3+ 57. Kxa3 Bxb5 0-1

[Event "Gibraltar Junior Intl U16 2019"]
[Site "Caleta"]
[Date "2019.08.19"]
[Round "6.25"]
[White "Moughtin-Leay, John"]
[Black "Gaspar Lopez, Rocio"]
[Result "1/2-1/2"]
[ECO "D45"]
[WhiteElo "1215"]
[BlackElo "1367"]
[Annotator "NA"]
[PlyCount "86"]
[EventDate "2019.08.16"]
[EventType "swiss"]
[EventCountry "GGB"]
[SourceTitle "playchess.com"]
[Source "ChessBase"]
[SourceQuality "1"]
[TimeControl "6600+10"]

1. d4 d5 2. c4 e6 3. Nc3 c6 4. c5 Nf6 5. Nf3 Nbd7 6. e3 Be7 7. Bd3 Nf8 8. O-O Ng6 9. e4 dxe4 10. Nxe4 O-O 11. Be3 Nd5 12. Nc3 Nf6 13. Qc2 Qc7 14. h3 Rd8 15. Rad1 Bd7 16. Rfe1 Re8 17. b4 a6 18. Nd2 Rad8 19. Nc4 Bc8 20. Nb6 Bf8 21. Bc4 Qb8 22. g3 h6 23. Kg2 Qa7 24. Qb1 Be7 25. Bd3 Nh8 26. Bf4 Rf8 27. Bc4 Rde8 28. Bc7 g5 29. Be5 Ng6 30. f4 Nxe5 31. fxe5 Nh5 32. Ne4 Ng7 33. g4 Qb8 34. Nf6+ Bxf6 35. exf6 Nf5 36. gxf5 exf5 37. Qd3 Qc7 38. d5 cxd5 39. Nxd5 Qc6 40. Kf2 Kh7 41. Rxe8 Rxe8 42. Ne7 Qc7 43. Nxf5 Qf4+ 1/2-1/2